 Dungeon Crawl Stone Soup version 0.19.0-20-gbc5f0c6 (webtiles) character file.

244 shmeve the Shield-Bearer (level 5, -1/46 HPs)
             Began as a Minotaur Berserker on Nov 17, 2016.
             Was a Believer of Trog.
             Slain by Grinder (2 damage)
             ... on level 3 of the Dungeon.
             The game lasted 00:04:03 (1692 turns).

shmeve the Shield-Bearer (Minotaur Berserker)       Turns: 1692, Time: 00:04:04

Health: -1/46      AC:  3    Str: 22    XL:     5   Next: 83%
Magic:  4/4        EV: 10    Int:  4    God:    Trog [**....]
Gold:   136        SH: 10    Dex: 10    Spells: 0 memorised, 4 levels left

rFire  . . .     SeeInvis .     a - +0 hand axe
rCold  . . .     Gourm    .     b - +0 animal skin
rNeg   . . .     Faith    .     k - +0 shield
rPois  .         Spirit   .     (helmet restricted)
rElec  .         Reflect  .     (no cloak)
rCorr  .         Harm     .     s - +0 pair of gloves
MR     .....                    (no boots)
Stlth  +.........               (no amulet)
                                (no ring)
                                (no ring)

@: exhausted, slowed, very slow
A: retaliatory headbutt, horns 2
a: Berserk, Trog's Hand, Burn Spellbooks, Renounce Religion


You were on level 3 of the Dungeon.
You worshipped Trog.
Trog was pleased with you.
You were hungry.

You visited 1 branch of the dungeon, and saw 3 of its levels.

You collected 136 gold pieces.

Inventory:

Hand Weapons
 a - a +0 hand axe (weapon)
Armour
 b - a +0 animal skin (worn)
 k - a +0 shield (worn)
 s - a +0 pair of gloves (worn)
Jewellery
 x - an uncursed ring of see invisible {unknown}
Scrolls
 d - 3 scrolls of magic mapping {unknown}
 f - 2 scrolls of teleportation {unknown}
 h - a scroll of remove curse {unknown}
 j - 3 scrolls of enchant weapon {unknown}
 l - a scroll of fear {unknown}
 n - a scroll of enchant armour {unknown}
 p - a scroll of fog {unknown}
 r - a scroll of random uselessness {unknown}
 t - 3 scrolls of identify {unknown}
Potions
 e - a potion of curing {unknown}
 i - 2 potions of berserk rage {unknown}
 q - a potion of might {unknown}
 u - a potion of invisibility {unknown}
 v - a potion of agility
Comestibles
 c - 4 bread rations
 g - 7 fruits
 m - a royal jelly
 o - a meat ration
 w - 3 chunks of flesh


   Skills:
 * Level 4.2 Fighting
 * Level 4.2 Axes
 + Level 0.8 Throwing
 + Level 2.5 Armour
 + Level 2.3 Dodging
 * Level 5.9 Shields


You had 4 spell levels left.
You didn't know any spells.

Dungeon Overview and Level Annotations

Branches:
Dungeon (3/15)

Altars:
Uskayaw

Annotations:
D:3 Grinder


Innate Abilities, Weirdness & Mutations

You reflexively headbutt those who attack you in melee.
You have a pair of horns on your head.


Message History

Pain shoots through your body! Grinder gestures at you.
You resist with significant effort. You block Grinder's attack.
Your shield prevents you from hitting Grinder.
Your headbutt misses Grinder.
Grinder is severely wounded.
Grinder hits you.
You writhe in agony.
Grinder hits you.
You writhe in agony.
You slash Grinder!
Grinder is almost dead.
You block Grinder's attack. Grinder gestures at you.
Pain shoots through your body!
* * * LOW HITPOINT WARNING * * *
You hit Grinder.
Grinder is almost dead.
Grinder hits you!
* * * LOW HITPOINT WARNING * * *
You writhe in agony.
You die...

#.# #...≈≈≈≈≈..#.########.#
#.# #..≈≈≈≈≈≈≈.#..........#
#.# #..≈≈≈≈≈≈..##########.#
#.# ##..P≈≈≈≈...# ###.#### #.#
#...≈≈≈≈≈P..### #.......
#.####..≈≈≈≈≈≈≈....####
#.#.####
#.......≈≈≈≈≈≈........# #.#.#
###.#..≈≈≈≈≈≈≈≈.......# #.#.#
#.......≈≈≈≈.P≈@......###.#.#
#.#..≈P≈≈≈≈≈..5........)..#.#
#...≈.≈≈≈≈≈P≈.........##.>#.#
##..≈≈≈≈≈≈≈...#.............#
###≈≈≈≈≈P.≈.##..[....##.)#.#.#
≈≈≈≈≈.≈... #.##............#
≈≈≈≈.P.......########..#.###
≈≈≈.≈..#####.. .......#
..........


You could see Grinder.

Vanquished Creatures
  Sigmund (D:3)
  Terence (D:3)
  An adder (D:2)
  An ooze (D:3)
  A worm (D:2)
  A dart slug (D:1)
  4 leopard geckos
  2 ball pythons
  4 bats
  3 giant cockroaches
  7 goblins
  5 hobgoblins
  2 jackals (D:1)
  A quokka (D:2)
  5 frilled lizards
  5 kobolds
  3 rats
47 creatures vanquished.

Notes
Turn   | Place    | Note
-------+----------+-------------------------------------------
     0 | D:1      | shmeve the Minotaur Berserker began the quest for the Orb.
     0 | D:1      | Reached XP level 1. HP: 19/19 MP: 0/0
   146 | D:1      | Reached XP level 2. HP: 27/27 MP: 1/1
   511 | D:1      | Reached skill level 1 in Shields
   651 | D:2      | Noticed a hand axe
   652 | D:2      | Noticed a hand axe
   652 | D:2      | Found a hide-covered altar of Uskayaw.
   713 | D:2      | Reached XP level 3. HP: 22/33 MP: 2/2
   892 | D:2      | Reached skill level 2 in Shields
  1066 | D:2      | Reached ** piety under Trog
  1188 | D:2      | Reached skill level 3 in Shields
  1459 | D:3      | Noticed Sigmund
  1469 | D:3      | Killed Sigmund
  1469 | D:3      | Reached skill level 5 in Shields
  1469 | D:3      | Reached XP level 4. HP: 35/40 MP: 3/3
  1469 | D:3      | Reached XP level 5. HP: 40/46 MP: 4/4
  1651 | D:3      | Noticed Terence
  1653 | D:3      | Noticed Grinder
  1653 | D:3      | Paralysed by Grinder for 6 turns
  1670 | D:3      | Killed Terence
  1692 | D:3      | HP: 1/46 [Grinder (9)]
  1692 | D:3      | Slain by Grinder

Skill      XL: |  1  2  3  4  5 |
---------------+----------------+-----
Axes           | 4 |  4.2
Shields        | 1 5 |  5.9
Fighting       | 4 |  4.2
Throwing       | |  0.8
Armour         | |  2.5
Dodging        | |  2.3

Action                   |  1- 3 |  4- 6 || total
-------------------------+-------+-------++-------
Melee: Hand axe          |    94 |    27 ||   121
       Headbutt          |    11 |     7 ||    18
Invok: Berserk           |     1 |     1 ||     2
       Trog's Hand       |       |     1 ||     1
 Stab: Sleeping          |     2 |       ||     2
  Eat: Chunk             |     1 |     3 ||     4
Armor: Animal skin       |    25 |     5 ||    30
Dodge: Dodged            |    59 |    14 ||    73
Block: Shield            |       |    20 ||    20
